AoeStats
← piambamaster

Oasis

510228107Analyzed
3v3 RM · 2d ago on Sep 30, 2026· 25m 18s· 6 players
Game mode
Random Map
Map size
Normal (6 player)
Population
200
Speed
Normal
Resources
Standard
Victory
Conquest
Starting age
Dark Age
Ending age
Imperial Age
RankedLock teamsTeams togetherTeam positionsShared explorationLock speedFull tech treeHidden civsTurbo modeCheats
Victory
Defeat
🇨🇴 Franks · Colombia
681
+15
🇧🇴 Danes · Bolivia
641
+16
🇺🇸 Aztecs · United States
550
+21
🇺🇸 Malians · United States
719
-37
🇺🇸 Britons · United States
610
-16
🇺🇸 Romans · United States
610
-16
Jazzbum
11:44 Feudal Age
17:20 Castle Age
Gack13579
14:00 Feudal Age
14:53 Horse Collar
15:00 Double-Bit Axe
18:47 Horse Collar
22:04 Castle Age
BigCozy101
6:02 Loom
12:25 Feudal Age
13:02 Horse Collar
13:09 Double-Bit Axe
17:43 Bloodlines
25:11 Castle Age
22:45 Man-at-Arms
Cuauhocelotl831
0:55 Loom
13:59 Feudal Age
15:40 Wheelbarrow
16:36 Town Watch
21:17 Castle Age
20:16 Double-Bit Axe
20:33 Stone Mining
22:47 Hand Cart
23:05 Bow Saw
23:40 Horse Collar
24:50 Heavy Plow
piambamaster
1:16 Loom
12:35 Feudal Age
13:33 Double-Bit Axe
22:40 Castle Age
20:57 Stone Mining
21:02 Gold Mining
24:36 Husbandry
Genjuro98
12:45 Feudal Age
11:00 Loom
13:33 Man-at-Arms
13:58 Arson
15:12 Wheelbarrow
14:21 Horse Collar
16:12 Scale Mail Armor
16:25 Forging
19:01 Scale Mail Armor
18:53 Fletching
21:05 Padded Archer Armor
Connection lost

Rejoining the realm…

Still unreachable

The connection could not be restored.

Session expired

The server has moved on; the page needs a fresh start.